cohdb
Replays
Latest Replays
All Replays
Popular Replays
Top Player Replays
Match Explorer
How It Works
Community
CoH3 Stats
Reddit
Sign in to upload your games and track your stats! →
Sign in with Steam
Match 43057337
Unlisted
Match 43057337
Overview
Messages
Build Orders
End
Scout Squad
Construct Barracks
Selects Armored Battlegroup
Selects Veteran Crews
1⁄4-ton 4x4 Truck
Riflemen Squad
Riflemen Squad
Air Support Center
Grenade Package
Selects Fast Deploy
Grasshopper Recon Run
Riflemen Squad
Construct Motor Pool
Grasshopper Recon Run
M24 Chaffee Light Tank
Grasshopper Recon Run
Riflemen Squad
Construct Medical Station
Grasshopper Recon Run
Selects Seek and Destroy
M1918 Browning Automatic Rifles
J3WN1AL8T0R
Trion
0
0
Comments
sign in to comment!
No comments posted yet!